 Dungeon Crawl Stone Soup version 0.29.0-13-gc9e81de378 (webtiles) character file.

Game seed: 12583573505279453265

16 DKP the Slasher (level 2, -2/24 HPs)
             Began as a Demonspawn Chaos Knight on Sept 9, 2022.
             Was a Plaything of Xom.
             Slain by an iron imp (5 damage)
             ... summoned by Xom
             ... on level 1 of the Dungeon.
             The game lasted 00:02:22 (778 turns).

DKP the Slasher (Demonspawn Chaos Knight)            Turns: 778, Time: 00:02:23

Health: -2/24      AC:  5    Str: 12    XL:     2   Next: 41%
Magic:  2/2        EV: 11    Int: 13    God:    Xom [......]
Gold:   96         SH:  4    Dex: 12    Spells: 1/1 levels left

rFire   . . .      SeeInvis .   a - +0 falchion (chaos)
rCold   . . .      Faith    .   (no shield)
rNeg    . . .      Spirit   .   b - +2 leather armour
rPois   .          Reflect  .   (no helmet)
rElec   .          Harm     .   (no cloak)
rCorr   .          Rampage  .   (no gloves)
Will    .....                   (no boots)
Stlth   +.........              (no amulet)
HPRegen 0.08/turn               (no ring)
MPRegen 0.08/turn               (no ring)

@: attractive
A: condensation shield
a: Renounce Religion


You were on level 1 of the Dungeon.
You worshipped Xom.
You were a very special plaything of Xom.
You visited 1 branch of the dungeon, and saw 1 of its levels.

You collected 96 gold pieces.

Inventory:

Hand Weapons
 a - a +0 falchion of chaos (weapon)
Armour
 b - a +2 leather armour (worn)
Miscellaneous
 c - a piece from Xom's chessboard (15/15) (quivered)


   Skills:
 - Level 3.0 Fighting
 + Level 3.5 Long Blades
 - Level 1.7 Armour
 - Level 0.8 Dodging


You had one spell level left.
You didn't know any spells.
Your spell library contained the following spells:

 Spells                   Type           Power      Damage    Failure   Level
 Conjure Flame            Conj/Fire      0%         6-21      75%         3
 Ignite Poison            Fire/Tmut/Pois 0%         N/A       75%         3
 Sticky Flame             Conj/Fire      0%         2d3       98%         4


Dungeon Overview and Level Annotations

Branches:
Dungeon (1/15)

Altars:


Innate Abilities, Weirdness & Mutations

A meltable shield of frost defends you. (SH +4)


Message History

You closely miss the rat. The rat closely misses you.
You hit the rat.
You kill the rat!
You now have 86 gold pieces (gained 11).
You now have 96 gold pieces (gained 10).
Xom smirks.
You feel aware of your surroundings.
You are now a special plaything of Xom.
A rat comes into view.
The rat bites you but does no damage.
You hit the rat.
You kill the rat!
There is an open door here.
Done exploring.
Done exploring.
You hear Xom's maniacal laughter.
You are now a very special plaything of Xom.
You hit the iron imp but do no damage.
You punch the iron imp, but do no damage.
The crimson imp hits you.
You hit the iron imp but do no damage. The iron imp barely misses you.
The crimson imp blinks!
You barely miss the iron imp. The iron imp hits you.
You hit the iron imp but do no damage.
The iron imp flickers and vanishes!
Deactivating autopickup; reactivate with Ctrl-A.
Xom thinks this is hilarious!
Something hits you!
You aren't carrying any scrolls.
It was a potion of attraction.
You feel attractive to monsters.
The crimson imp grins evilly.
Something hits you.
* * * LOW HITPOINT WARNING * * *
The crimson imp is attracted toward you.
It was a potion of curing.
You feel better. The crimson imp barely misses you. Something hits you!
* * * LOW HITPOINT WARNING * * *
You closely miss something. The crimson imp barely misses you.
Something hits you.
You die...

###.................###
#.+.................'..
#.#.................###
#.###.............### #.#
###.........### # ###### #.#
###.....### ## .....######.#
###.........### #.
............###.{...........####.
.......###.##..5@...~~~.......##.
..>....# #..'.....~~≈≈≈~~.....'..
.......# ####....~≈≈≈≈≈≈≈~....#..
.......# ###################..
.......# #..................
......## ##..#.......######.
......## ######..##.....#.## #.
.......###.._........####..#####.
.....^.)..............####.......


You could see a crimson imp (summoned).

Vanquished Creatures
  A dart slug (D:1)
  3 ball pythons (D:1)
  An endoplasm (D:1)
  A giant cockroach (D:1)
  A hobgoblin (D:1)
  4 goblins (D:1)
  A kobold (D:1)
  2 rats (D:1)
14 creatures vanquished.

Notes
Turn   | Place    | Note
-------+----------+-------------------------------------------
     0 | D:1      | DKP the Demonspawn Chaos Knight began the quest for the
                  | Orb.
     0 | D:1      | Reached XP level 1. HP: 18/18 MP: 1/1
   141 | D:1      | Found a faded altar of an unknown god.
   275 | D:1      | XOM: silly message
   349 | D:1      | Gained mutation: A meltable shield of frost defends you.
                  | (SH +4) [demonic ancestry]
   349 | D:1      | Reached XP level 2. HP: 13/24 MP: 2/2
   611 | D:1      | XOM: divination: magic mapping
   771 | D:1      | XOM: summons 2 hostile demons
   772 | D:1      | Noticed a crimson imp
   778 | D:1      | Slain by an iron imp

Illustrated notes

Levels and vault maps discovered:
D:1:      nzn_arrival_depleted_hourglass, layout_rooms, basic_ecumenical_altar,
          dreamdust_princess_corridor

Skill      XL: |  1 |
---------------+----+-----
Long Blades    | 3 |  3.5
Fighting       | |  3.0
Armour         | |  1.7
Dodging        | |  0.8

Action                   || total
-------------------------++-------
Melee: Falchion          ||    40
       Punch             ||     1
  Use: Potion            ||     2
 Stab: Confused          ||     1
Armor: Leather armour    ||     9
Dodge: Dodged            ||    18
Block: Other             ||     1
